 Dungeon Crawl Stone Soup version 0.21.1-1-g345015fe64 (webtiles) character file.

447 Thau the Chopper (level 6, -8/51 HPs)
             Began as a Minotaur Fighter on Mar 8, 2018.
             Mangled by a gnoll
             ... wielding a +0 halberd
              (9 damage)
             ... on level 3 of the Dungeon.
             The game lasted 00:13:56 (2074 turns).

Thau the Chopper (Minotaur Fighter)                 Turns: 2074, Time: 00:13:57

Health: -8/51      AC:  6    Str: 21    XL:     6   Next: 73%
Magic:  5/5        EV:  7    Int:  5    God:
Gold:   99         SH: 10    Dex: 11    Spells: 5/5 levels left

rFire    . . .     SeeInvis .   a - +0 war axe
rCold    . . .     Gourm    .   c - +0 shield
rNeg     . . .     Faith    .   b - +0 scale mail
rPois    .         Spirit   .   (helmet restricted)
rElec    .         Reflect  .   (no cloak)
rCorr    .         Harm     .   (no gloves)
MR       .....     Rnd*Tele +   (no boots)
Stlth    ..........             (no amulet)
HPRegen  0.17/turn              (no ring)
MPRegen  0.09/turn              (no ring)

@: lethally poisoned (-8 -> -12)
A: retaliatory headbutt, horns 2, high mp 1, teleportitis 1
a: no special abilities


You were on level 3 of the Dungeon.
You were hungry.

You visited 1 branch of the dungeon, and saw 3 of its levels.

You collected 99 gold pieces.

Inventory:

Hand Weapons
 a - a +0 war axe (weapon)
 h - a +0 scythe
Armour
 b - a +0 scale mail (worn)
 c - a +0 shield (worn)
 e - a +0 robe
Scrolls
 g - a scroll of remove curse
 j - a scroll of noise {unknown}
Potions
 d - a potion of might
Comestibles
 f - a ration


   Skills:
 - Level 3.6 Fighting
 * Level 7.3 Axes
 - Level 3.6 Armour
 + Level 6.0 Shields


You had 5 spell levels left.
You didn't know any spells.

Dungeon Overview and Level Annotations

Branches:
Dungeon (3/15)

Altars:
Cheibriados


Innate Abilities, Weirdness & Mutations

You reflexively headbutt those who attack you in melee.
You have a pair of horns on your head.
You have an increased reservoir of magic. (+10% MP)
You are occasionally teleported next to monsters.


Message History

You slash the adder!
You kill the adder!
You feel sick. You block the gnoll's attack.
You feel sick. The gnoll hits you but does no damage.
The gnoll hits you from afar with a spear.
* * * LOW HITPOINT WARNING * * *
The gnoll hits you from afar with a spear.
* * * LOW HITPOINT WARNING * * *
The gnoll barely misses you.
You see here an adder corpse.
You slash the gnoll!
The gnoll is severely wounded.
You feel sick.
The gnoll hits you from afar with a spear.
* * * LOW HITPOINT WARNING * * *
You block the gnoll's attack.
The gnoll hits you from afar with a spear.
* * * LOW HITPOINT WARNING * * *
The gnoll hits you with a halberd!
You die...

#....##.# #..#
####((..##.# ##.#
...g....##.# #.#
.†......##.####.#####..#
.....#+###(............#
.....#.#########.####..#
####.#........)..#
#.###########.# ... #@#
.## #g# #gg# #..# !...
#.... ...... #......
......%#


You could see 3 gnolls.

Vanquished Creatures
  Sigmund (D:3)
  An ice beast (D:3)
  An orc priest (D:3)
  Jessica (D:2)
  A worker ant (D:2)
  Robin (D:2)
  6 adders
  2 worms (D:2)
  A leopard gecko (D:1)
  4 orcs (D:3)
  A ball python (D:3)
  3 bats
  4 giant cockroaches
  12 goblins
  9 hobgoblins
  2 jackals (D:2)
  A quokka (D:2)
  A frilled lizard (D:3)
  3 kobolds
  6 rats
61 creatures vanquished.

Notes
Turn   | Place    | Note
-------+----------+-------------------------------------------
     0 | D:1      | Thau the Minotaur Fighter began the quest for the Orb.
     0 | D:1      | Reached XP level 1. HP: 19/19 MP: 0/0
   111 | D:1      | Reached skill level 3 in Axes
   136 | D:1      | Reached XP level 2. HP: 18/26 MP: 1/1
   266 | D:1      | Found a snail-covered altar of Cheibriados.
   450 | D:1      | Gained mutation: You are occasionally teleported next to monsters. [potion of mutation]
   450 | D:1      | Gained mutation: You have an increased reservoir of magic. (+10% MP) [potion of mutation]
   655 | D:2      | Reached XP level 3. HP: 29/31 MP: 2/2
   662 | D:2      | Reached skill level 4 in Axes
  1012 | D:2      | Noticed Robin
  1014 | D:2      | Reached XP level 4. HP: 38/39 MP: 3/3
  1036 | D:2      | Killed Robin
  1306 | D:2      | Noticed Jessica
  1309 | D:2      | Killed Jessica
  1309 | D:2      | Reached skill level 5 in Axes
  1434 | D:2      | Reached XP level 5. HP: 44/45 MP: 4/4
  1620 | D:3      | Noticed an ice beast
  1629 | D:3      | Killed an ice beast
  1629 | D:3      | Reached skill level 6 in Axes
  1629 | D:3      | Reached skill level 5 in Shields
  1854 | D:3      | Noticed Sigmund
  1887 | D:3      | Killed Sigmund
  1887 | D:3      | Reached skill level 7 in Axes
  1887 | D:3      | Reached XP level 6. HP: 30/51 MP: 5/5
  2074 | D:3      | HP: 1/51 [gnoll/spear (2)]
  2074 | D:3      | Mangled by a gnoll

Skill      XL: |  1  2  3  4  5  6 |
---------------+-------------------+-----
Axes           | 3 4 5 7 |  7.3
Shields        | 4 5 6 |  6.0
Fighting       | |  3.6
Armour         | |  3.6

Action                   |  1- 3 |  4- 6 || total
-------------------------+-------+-------++-------
Melee: War axe           |    58 |   128 ||   186
       Headbutt          |     9 |    19 ||    28
  Use: Potion            |     5 |     1 ||     6
       Scroll            |     1 |     3 ||     4
  Eat: Ration            |       |     1 ||     1
Armor: Scale mail        |    24 |    44 ||    68
Dodge: Dodged            |     9 |    45 ||    54
Block: Shield            |    28 |    49 ||    77
